 Dungeon Crawl Stone Soup version 0.21-a0-110-g8e1637b (webtiles) character file.

44 nikopol the Firebug (level 3, -2/19 HPs)
             Began as a Deep Elf Fire Elementalist on July 8, 2017.
             Slain by a leopard gecko (5 damage)
             ... on level 1 of the Dungeon.
             The game lasted 00:03:40 (1043 turns).

nikopol the Firebug (Deep Elf Fire Elementalist)    Turns: 1043, Time: 00:03:40

Health: -2/19      AC:  2    Str:  5    XL:     3   Next: 41%
Magic:  1/10       EV: 13    Int: 20    God:
Gold:   74         SH:  0    Dex: 15    Spells: 6/9 levels left

rFire    . . .     SeeInvis .   j - +0 short sword
rCold    . . .     Gourm    .   (no shield)
rNeg     . . .     Faith    .   a - +0 robe
rPois    .         Spirit   .   (no helmet)
rElec    .         Reflect  .   (no cloak)
rCorr    .         Harm     .   (no gloves)
MR       .....                  (no boots)
Stlth    ++........             (no amulet)
HPRegen  0.06/turn              (no ring)
MPRegen  0.12/turn              (no ring)

@: no status effects
A: no striking features
a: no special abilities


You were on level 1 of the Dungeon.
You were not hungry.

You visited 1 branch of the dungeon, and saw 2 of its levels.

You collected 74 gold pieces.

Inventory:

Hand Weapons
 j - a +0 short sword (weapon)
Armour
 a - a +0 robe (worn)
Scrolls
 e - 2 scrolls of identify {unknown}
 h - a scroll of amnesia {unknown}
 i - a scroll of blinking {unknown}
 k - a scroll of teleportation {unknown}
 m - a scroll of remove curse {unknown}
Potions
 g - a potion of flight {unknown}
 n - a potion of curing {unknown}
 p - 2 potions of agility {unknown}
Books
 b - a book of Flames

   Spells                             Type                      Level
   a - Flame Tongue                   Conjuration/Fire             1
   b - Throw Flame                    Conjuration/Fire             2
   c - Conjure Flame                  Conjuration/Fire             3
   d - Inner Flame                    Hexes/Fire                   3
   e - Sticky Flame                   Conjuration/Fire             4
   f - Fireball                       Conjuration/Fire             5
Comestibles
 c - 3 bread rations
 d - 2 chunks of flesh
 f - 2 meat rations
 l - 3 fruits
 o - a royal jelly


   Skills:
 + Level 2.6 Dodging
 + Level 2.7 Stealth
 + Level 3.8 Spellcasting
 + Level 1.5 Conjurations
 + Level 4.1 Fire Magic


You had 6 spell levels left.
You knew the following spells:

 Your Spells              Type           Power        Failure   Level  Hunger
a - Flame Tongue          Conj/Fire      ###..        4%          1    None
b - Throw Flame           Conj/Fire      ###...       6%          2    ##.....


Dungeon Overview and Level Annotations

Branches:
Dungeon (2/15)

Altars:

Annotations:
D:2 Robin


Message History

Confirm with . or Enter, or press ? or * to list all spells.
Aiming: Flame Tongue
Press: ? - help, Shift-Dir - straight line, f/p - leopard gecko
Aim: a leopard gecko (clinging)
The flame tongue hits the leopard gecko.
The leopard gecko is severely wounded.
The leopard gecko barely misses you. The leopard gecko misses you.
You see here 26 arrows.
Casting: Flame Tongue
Confirm with . or Enter, or press ? or * to list all spells.
Aiming: Flame Tongue
Press: ? - help, Shift-Dir - straight line, f/p - leopard gecko
Aim: a leopard gecko (severely wounded)
The flame tongue misses the leopard gecko.
The leopard gecko closely misses you. x2
The leopard gecko hisses menacingly.
The leopard gecko misses you. The leopard gecko bites you.
You die...

##....###.############.#.#..##.#.
............[............#..##.#.
##....########.........#)#..##.#.
##....# #.#########.#..##.#.
.#....# #.# #.#..##.#. .#....###
#.# #.#.....#. .##.....# #.#
#...###.#.
.##.....######.#########...###.#.
.†.(...........l@................
###.....######.............###.#.
#.....# #.####..####..#.....
#.....###########..#####.###.#.
#...........#...#..#...#.# #.#.
###########.#...#..#...#.# #.#.
#.#...#..#.<.#.###.#.
#.#...#..#...#.....#.
#.#...####...#.####..


You could see a leopard gecko.

Vanquished Creatures
  An adder (D:2)
  A leopard gecko (D:2)
  7 goblins
  7 hobgoblins
  3 kobolds (D:1)
  A quokka (D:2)
  A ball python (D:1)
  4 bats (D:1)
  3 frilled lizards
  5 rats (D:1)
33 creatures vanquished.

Notes
Turn   | Place    | Note
-------+----------+-------------------------------------------
     0 | D:1      | nikopol the Deep Elf Fire Elementalist began the quest for the Orb.
     0 | D:1      | Reached XP level 1. HP: 10/10 MP: 6/6
   135 | D:1      | Reached XP level 2. HP: 15/15 MP: 2/8
   517 | D:1      | Learned a level 2 spell: Throw Flame
   678 | D:2      | Reached skill level 4 in Fire Magic
   883 | D:2      | Reached XP level 3. HP: 19/19 MP: 7/10
   983 | D:2      | Noticed Robin
  1043 | D:1      | Slain by a leopard gecko

Vault maps used:
D:1:      dpeg_arrival_houses_and_road
D:2:      uniq_robin

Skill      XL: |  1  2 |
---------------+-------+-----
Fire Magic     | 4 |  4.1
Dodging        | |  2.6
Stealth        | |  2.7
Spellcasting   | |  3.8
Conjurations   | |  1.5

Action                   || total
-------------------------++-------
 Cast: Flame Tongue      ||    58
Armor: Robe              ||     6
Dodge: Dodged            ||    24
